 Dungeon Crawl Stone Soup version 0.22.0-5-gf09313c (webtiles) character file.

191955 HaroldButt the Scorcher (level 18, -5/129 HPs)
             Began as a Human Fire Elementalist on Aug 12, 2018.
             Was the Champion of Vehumet.
             Slain by a ghost moth (23 damage)
             ... on level 2 of the Spider Nest on Aug 13, 2018.
             The game lasted 04:51:15 (40728 turns).

HaroldButt the Scorcher (Human Fire Elementalist)  Turns: 40728, Time: 04:51:16

Health: -5/129     AC: 15    Str: 11 (14) XL:     18   Next: 89%
Magic:  1/35       EV: 24    Int: 24 (25) God:    Vehumet [******]
Gold:   1848       SH:  0    Dex: 14      Spells: 1/43 levels left

rFire    + . .     SeeInvis +   K - +7 dagger of Res Nullius {chaos, rC+ Int-3 SInv}
rCold    + + .     Gourm    .   (no shield)
rNeg     . . .     Faith    .   L - +1 robe of Contentment {rPois}
rPois    +         Spirit   .   a - +0 helmet of the Game of Kings {rElec Str+5 Int+5}
rElec    +         Reflect  .   Z - +2 cloak {rF+}
rCorr    .         Harm     .   w - +2 pair of gloves
MR       +....                  t - +2 pair of boots
Stlth    ++........             i - amulet of magic regeneration
HPRegen  0.31/turn              H - +4 ring of evasion
MPRegen  0.49/turn              p - ring of protection from cold

@: no status effects
A: no striking features
}: 1/15 runes: decaying
a: Renounce Religion


You were on level 2 of the Spider Nest.
You worshipped Vehumet.
Vehumet was exalted by your worship.
You were very hungry.

You visited 6 branches of the dungeon, and saw 29 of its levels.
You also visited: Volcano.

You collected 2653 gold pieces.
You spent 805 gold pieces at shops.


   Skills:
 - Level 8.0 Fighting
 - Level 8.0 Armour
 - Level 12.0 Dodging
 - Level 2.0 Stealth
 - Level 13.0 Spellcasting
 - Level 14.0 Conjurations
 - Level 18.0 Fire Magic
 + Level 8.1 Evocations


You had one spell level left.
You knew the following spells:

 Your Spells              Type           Power        Failure   Level  Hunger
c - Sticky Flame          Conj/Fire      #######.     1%          4    None
g - Regeneration          Chrm/Necr      ###.......   12%         3    None
i - Iron Shot             Conj/Erth      #####.....   9%          6    #####..
o - Bolt of Fire          Conj/Fire      #######...   1%          6    #####..
u - Force Lance           Conj/Tloc      #####...     1%          4    None
v - Fireball              Conj/Fire      #######...   1%          5    ###....
x - Throw Flame           Conj/Fire      ######       0%          2    None
y - Bolt of Draining      Conj/Necr      #####.....   1%          5    ###....
z - Flame Tongue          Conj/Fire      #####        0%          1    None
X - Freezing Cloud        Conj/Ice/Air   #####.....   22%         6    #####..

Your spell library contained the following spells:

 Spells                   Type           Power        Failure   Level  Hunger
 Magic Dart               Conj           ####         0%          1    None
 Conjure Flame            Conj/Fire      #######.     0%          3    None
 Mephitic Cloud           Conj/Pois/Air  #####...     1%          3    None
 Ring of Flames           Chrm/Fire      ######....   63%         7    ######.
 Iskenderun's Mystic Bla  Conj           ######..     1%          4    None
 Animate Dead             Necr           N/A          36%         4    None
 Pain                     Necr           ###.         3%          1    None
 Animate Skeleton         Necr           N/A          3%          1    None
 Vampiric Draining        Necr           ###.......   12%         3    None
 Dispel Undead            Necr           ###.....     71%         5    ###....
 Sting                    Conj/Pois      ####         1%          1    None
 Sublimation of Blood     Necr           ###.......   6%          2    None
 Corpse Rot               Necr           N/A          6%          2    None
 Shock                    Conj/Air       ####         1%          1    None
 Agony                    Necr           ###.....     71%         5    ###....
 Spider Form              Tmut/Pois      ###.......   12%         3    None
 Blade Hands              Tmut           ###.......   71%         5    ###....
 Ice Form                 Ice/Tmut       ###.....     36%         4    None
 Sticks to Snakes         Tmut           ###.....     6%          2    None
 Excruciating Wounds      Chrm/Necr      ###.......   71%         5    ###....
 Shroud of Golubria       Chrm/Tloc      ###.......   6%          2    None
 Inner Flame              Hex/Fire       ######..     1%          3    None
 Beastly Appendage        Tmut           ###...       3%          1    None
 Fulminant Prism          Conj/Hex       #####.....   1%          4    None
 Dazzling Spray           Conj/Hex       #####.       1%          3    None
 Infusion                 Chrm           ###.         3%          1    None
 Song of Slaying          Chrm           ###.....     6%          2    None
 Spectral Weapon          Hex/Chrm       ###.....     12%         3    None
 Searing Ray              Conj           ######       0%          2    None
 Spellforged Servitor     Conj/Summ      #####.....   41%         7    ######.
 Poisonous Vapours        Pois/Air       ###...       6%          2    None

Inventory:

Hand Weapons
 d - the +2 lajatang "Maiviq" {slice, *Drain rElec rPois rN++}

   It inflicts extra damage upon your enemies.
   It insulates you from electricity.
   It protects you from poison.
   It greatly protects you from negative energy.
   It causes draining when unequipped.
 K - the +7 dagger of Res Nullius (weapon) {chaos, rC+ Int-3 SInv} Each time it hits an enemy it has a different, random effect. It affects your intelligence (-3). It protects you from cold. It lets you see invisible.
 X - the +7 flail of the Genius {crush, +Rage}

   It inflicts extra damage upon your enemies.
   It lets you go berserk.
Armour
 a - the +0 helmet of the Game of Kings (worn) {rElec Str+5 Int+5}

   It affects your strength (+5).
   It affects your intelligence (+5).
   It insulates you from electricity.
 t - a +2 pair of boots (worn)
 w - a +2 pair of gloves (worn)
 E - a +2 helmet of see invisible
 L - the +1 robe of Contentment (worn) {rPois}

   It protects you from poison.
 S - a +2 robe of magic resistance
 W - a +3 leather armour of fire resistance
 Z - a +2 cloak of fire resistance (worn)
Magical Staves
 u - an uncursed staff of conjuration
 N - an uncursed staff of fire
 O - an uncursed staff of cold
 T - an uncursed staff of energy
Jewellery
 b - an uncursed ring of protection from magic
 i - an amulet of magic regeneration (around neck)
 n - an uncursed ring of flight
 p - a ring of protection from cold (right hand)
 r - an uncursed amulet of the gourmand
 H - a +4 ring of evasion (left hand)
 P - an uncursed ring of positive energy
 R - a +3 amulet of reflection
 Y - an uncursed ring of resist corrosion
Wands
 V - a wand of digging (9)
Scrolls
 f - 21 scrolls of remove curse
 g - 4 scrolls of enchant weapon
 j - 6 scrolls of teleportation {@r4}
 y - a scroll of amnesia
 A - 5 scrolls of fog
 B - 6 scrolls of magic mapping
 D - a scroll of holy word
 F - a scroll of identify {@r1}
 I - 3 scrolls of torment {!r}
 Q - a scroll of vulnerability {!r}
 U - 4 scrolls of blinking
Potions
 e - 3 potions of agility
 h - 5 potions of flight
 k - 7 potions of haste {@q3}
 l - 6 potions of curing {@q1}
 m - 3 potions of berserk rage {!q}
 o - 2 potions of brilliance
 q - 2 potions of cancellation
 v - 2 potions of mutation {!q}
 x - 5 potions of lignification {!q}
 z - a potion of magic
 C - 2 potions of ambrosia
 J - 4 potions of might
 M - 3 potions of resistance
Comestibles
 c - 38 rations

Dungeon Overview and Level Annotations

Branches:
Dungeon (14/15)            Temple (1/1) D:4            Lair (6/6) D:9
  Swamp (4/4) Lair:4       Spider (2/4) Lair:2        Slime (0/5) Lair:6
    Orc (2/2) D:9             Elf (0/3) Orc:2        Vaults (0/5) D:13

Altars:
Ashenzari
Cheibriados
Dithmenos
Elyvilon
Fedhas
Gozag
Hepliaklqana
Kikubaaqudgha
Makhleb
Nemelex Xobeh
Okawaru
Qazlal
Ru
Sif Muna
Trog
Uskayaw
Vehumet
Wu Jian
Xom
Yredelemnul
Zin
The Shining One
Beogh
Jiyva

Shops:
D:9 (*   D:11 *   Orc:2 }[}:

Annotations:
D:7 2 transporters, NormalPerson7T's ghost, novice DsAK
D:12 exclusions: obsidian statue and orange crystal statue
D:14 Frances; Nessos
Lair:5 3 runed doors, Vajrapani's ghost, journeyman OpAs
Swamp:1 1 runed door
Swamp:3 exclusion: Roxanne, Roxanne

.▒............▒▒
........▒....▒▒
.........▒▒.▒.▒
.........▒▒...▒
.........▒▒▒..▒
.......▒▒▒▒..▒
...... ▒..▒▒
▒.y▒▒▒▒▒
▒..p...▒
▒▒....▒▒ ▒....▒
▒▒▒.▒▒ ▒▒▒


You could see a ghost moth (berserk).


Message History

* * * LOW HITPOINT WARNING * * *
You feel weakened. The ghost moth completely misses you.
You closely miss the ghost moth.
The ghost moth is severely wounded.
The ghost moth misses you. The ghost moth closely misses you.
The ghost moth stings you but does no damage.
The ghost moth stares at you.
You feel your power leaking away. The ghost moth hits you!
* * * LOW HITPOINT WARNING * * *
The ghost moth misses you. The ghost moth misses you.
You hit the ghost moth.
The ghost moth goes berserk!
The ghost moth is severely wounded.
The ghost moth closely misses you. The ghost moth hits you.
* * * LOW HITPOINT WARNING * * *
The ghost moth stings you!
* * * LOW HITPOINT WARNING * * *
You are lethally poisoned!
The ghost moth poisons you!
You feel better. The ghost moth hits you!
* * * LOW HITPOINT WARNING * * *
You feel dopey. The ghost moth hits you!!
You die...

Action                   |  1- 3 |  4- 6 |  7- 9 | 10-12 | 13-15 | 16-18 || total
-------------------------+-------+-------+-------+-------+-------+-------++-------
Melee: Dagger            |     2 |     4 |    27 |       |    47 |    74 ||   154
       Spear             |       |     3 |    58 |    71 |    34 |       ||   166
       Lajatang          |       |       |       |     5 |    18 |       ||    23
       Staff             |       |       |       |       |    15 |    24 ||    39
 Cast: Flame Tongue      |    40 |   108 |   343 |   284 |   487 |   103 ||  1365
       Throw Flame       |       |     4 |    26 |    56 |    57 |    10 ||   153
       Conjure Flame     |       |     1 |    21 |    10 |     3 |       ||    35
       Sticky Flame      |       |       |     2 |    62 |   109 |    29 ||   202
       Fireball          |       |       |       |    19 |   199 |   328 ||   546
       Bolt of Draining  |       |       |       |       |    73 |   233 ||   306
       Force Lance       |       |       |       |       |     7 |    11 ||    18
       Regeneration      |       |       |       |       |     1 |       ||     1
       Bolt of Fire      |       |       |       |       |       |    68 ||    68
Evoke: Staff of energy   |       |       |       |       |     2 |       ||     2
       Wand              |       |       |       |       |     1 |     1 ||     2
  Use: Scroll            |     7 |     1 |    12 |     5 |    17 |    12 ||    54
       Potion            |       |       |       |       |     4 |     6 ||    10
 Stab: Sleeping          |     2 |     2 |     1 |     3 |       |       ||     8
       Paralysed         |       |       |       |       |       |     1 ||     1
  Eat: Chunk             |     3 |     7 |    10 |    12 |    38 |    19 ||    89
       Ration            |       |       |     2 |     5 |     4 |     8 ||    19
Armor: Robe              |     2 |     9 |    27 |    19 |    91 |   177 ||   325
       Leather armour    |       |       |       |       |    40 |    26 ||    66
Dodge: Dodged            |     9 |    32 |   107 |   177 |   522 |   730 ||  1577

Vault maps used:
D:1:      lightli_arrival_noodles, columned_hall_lemuel
D:2:      serial_bayou_pond_a
D:3:      lemuel_upstairs_altar, gammafunk_temple_overflow_wave,
          hangedman_decor_clover_reticule, uniq_natasha
D:4:      lemuel_crystal_altar, cheibriados_altar_1, temple_statues
D:5:      kennysheep_ying_yang, basic_altar, first_ration
D:6:      nicolae_gozag_seed_capital, kennysheep_mini, minivault_24
D:7:      lemuel_round_altar, gammafunk_ghost_smash, grunt_ogre_cave
D:8:      nicolae_overflow_hidden_temple, special_room
D:9:      kennysheep_little_box, lemuel_doored_altar, kennysheep_mini_moat,
          david_lair_generic, orc_david_3, serial_shops, nicolae_shop_trees,
          corexii_checkpoint_a, mrwooster_statue_mirror
D:11:     serial_shops, shop
D:12:     minmay_separated_statues
D:13:     wad_woods_minihive, grunt_vaults_entry_tiered, serial_shops,
          shop_fountains
D:14:     minivault_27, uniq_frances, uniq_nessos
Temple:   nicolae_temple_figure_zero
Lair:1:   eino_small_chamber_without_monster, uniq_harold
Lair:2:   spider_nest_entry_webs, kennysheep_snail_temple, uniq_urug
Lair:3:   pond_and_an_island_with_a_cottage, minmay_lair_oklob_bushes
Lair:4:   minmay_swamp_entry_reptiles, basic_altar
Lair:5:   ebering_ghost_rock_garden
Lair:6:   due_jungle_book, slime_altar_1, nicolae_volcano_entry_lava_flow,
          eino_small_chamber_without_monster
Swamp:1:  gammafunk_mikee_crab_dinner, evilmike_swamp_ruin_house_5
Swamp:2:  hangedman_swamp_blocks
Swamp:3:  nicolae_swamp_dense_foliage, uniq_roxanne, uniq_louise
Swamp:4:  swamp_basic_johnstein, swamp_pool3
Spider:1: nicolae_spider_hall_of_the_moth_king
Spider:2: special_room
Orc:1:    mines2_david
Orc:2:    st_orc_open, basic_altar, uniq_sonja, uniq_josephine
Volcano:  volcano_lake

Notes
Turn   | Place    | Note
-------+----------+-------------------------------------------
     0 | D:1      | HaroldButt the Human Fire Elementalist began the quest for the Orb.
     0 | D:1      | Reached XP level 1. HP: 13/13 MP: 3/3
     0 | D:1      | Upgraded the game from 0.22.0-1-g6561e4c to 0.22.0-5-gf09313c
   584 | D:1      | Reached XP level 2. HP: 19/19 MP: 3/5
   588 | D:1      | Learned a level 2 spell: Throw Flame
  1556 | D:2      | Reached skill level 4 in Fire Magic
  1556 | D:2      | Reached XP level 3. HP: 24/24 MP: 3/6
  1632 | D:3      | Learned a level 3 spell: Conjure Flame
  1641 | D:3      | Noticed a bullfrog
  1744 | D:3      | Reached XP level 4. HP: 16/30 MP: 1/7
  1918 | D:3      | Reached skill level 5 in Fire Magic
  2012 | D:3      | Reached XP level 5. HP: 35/35 MP: 2/8
  2066 | D:3      | Noticed Natasha
  2071 | D:3      | Killed Natasha
  2198 | D:3      | Found a glowing golden altar of the Shining One.
  2198 | D:3      | Found an iron altar of Okawaru.
  2255 | D:3      | Killed a bullfrog
  2255 | D:3      | Reached skill level 6 in Fire Magic
  2378 | D:3      | Reached XP level 6. HP: 41/41 MP: 6/9
  2470 | D:3      | Noticed Natasha
  2482 | D:3      | Killed Natasha
  2482 | D:3      | Reached skill level 2 in Conjurations
  2516 | D:3      | Noticed Natasha
  2519 | D:3      | Killed Natasha
  3021 | D:4      | Found a snail-covered altar of Cheibriados.
  3040 | D:4      | Found a staircase to the Ecumenical Temple.
  3049 | Temple   | Entered the Ecumenical Temple
  3220 | D:4      | Reached skill level 3 in Conjurations
  3290 | D:4      | Found a hide-covered altar of Uskayaw.
  3420 | D:3      | Found a stormy altar of Qazlal.
  3438 | D:5      | Entered Level 5 of the Dungeon
  3564 | D:5      | Found a basalt altar of Yredelemnul.
  3625 | D:5      | Found a white marble altar of Elyvilon.
  3689 | D:5      | Found a hazy altar of Hepliaklqana.
  3790 | D:5      | Reached XP level 7. HP: 33/46 MP: 0/10
  3796 | D:5      | Learned a level 4 spell: Sticky Flame
  3860 | D:5      | Reached skill level 4 in Conjurations
  4110 | D:5      | Reached skill level 5 in Conjurations
  4222 | D:6      | Found an opulent altar of Gozag.
  4522 | D:6      | Found a shimmering altar of Xom.
  4652 | D:6      | Reached skill level 6 in Conjurations
  4950 | D:6      | Reached XP level 8. HP: 49/52 MP: 7/11
  5239 | D:7      | Found a radiant altar of Vehumet.
  5258 | D:7      | Reached skill level 3 in Spellcasting
  5266 | D:7      | Became a worshipper of Vehumet
  5430 | D:7      | Reached skill level 4 in Spellcasting
  5489 | D:7      | Reached skill level 5 in Spellcasting
  5536 | D:7      | Learned a level 5 spell: Fireball
  6038 | D:7      | Reached skill level 6 in Spellcasting
  6058 | D:7      | Reached XP level 9. HP: 57/57 MP: 10/18
  6124 | D:7      | Reached * piety under Vehumet
  6124 | D:7      | Offered knowledge of Magic Dart by Vehumet.
  6218 | D:7      | Reached skill level 7 in Fire Magic
  6546 | D:7      | Found a transporter.
  6546 | D:7      | Noticed a two-headed ogre
  6547 | D:7      | Noticed NormalPerson7T's ghost (novice DsAK)
  6548 | D:7      | Found a transporter.
  6880 | D:8      | Found an ancient bone altar of Kikubaaqudgha.
  7166 | D:8      | Reached skill level 7 in Conjurations
  7522 | D:8      | Reached skill level 8 in Fire Magic
  7639 | D:8      | Offered knowledge of Sandblast by Vehumet.
  7640 | D:8      | Reached ** piety under Vehumet
  7933 | D:9      | Found a staircase to the Orcish Mines.
  7935 | D:9      | Found Paeden's Weapon Boutique.
  7952 | D:9      | Reached skill level 8 in Conjurations
  8093 | D:9      | Noticed a hippogriff
  8101 | D:9      | Killed a hippogriff
  8116 | D:9      | Reached XP level 10. HP: 63/63 MP: 0/19
  8117 | D:9      | Reached skill level 9 in Fire Magic
  8194 | D:9      | Noticed a two-headed ogre
  8209 | D:9      | Killed a two-headed ogre
  8209 | D:9      | Reached skill level 10 in Fire Magic
  8393 | D:9      | Offered knowledge of Static Discharge by Vehumet.
  8393 | D:9      | Reached skill level 9 in Conjurations
  8461 | D:9      | Found a bloodstained altar of Trog.
  8555 | D:9      | Found a staircase to the Lair.
  8659 | D:9      | Found a blossoming altar of Fedhas.
  8689 | D:9      | Found Duted's Assorted Antiques.
  8697 | D:9      | Bought a lumpy brown potion for 27 gold pieces
  8697 | D:9      | Bought a scroll of identify for 60 gold pieces
  8811 | D:9      | Found a hazy altar of Hepliaklqana.
  8927 | D:9      | Reached skill level 10 in Conjurations
  9136 | Lair:1   | Entered Level 1 of the Lair of Beasts
  9140 | Lair:1   | Reached XP level 11. HP: 68/68 MP: 18/20
  9149 | Lair:1   | Reached *** piety under Vehumet
  9187 | Lair:1   | Reached skill level 7 in Spellcasting
  9441 | Lair:1   | Got an encrusted dagger
  9442 | Lair:1   | Identified the +7 dagger of Res Nullius {chaos, rC+ Int-3 SInv} (You found it on level 1 of the Lair of Beasts)
  9563 | Lair:1   | Reached skill level 8 in Spellcasting
  9595 | Lair:1   | Reached skill level 11 in Fire Magic
  9859 | Lair:1   | Got a ripped robe
  9870 | Lair:1   | Identified the +1 robe of Contentment {rPois} (You found it on level 1 of the Lair of Beasts)
 10049 | Lair:1   | Noticed Harold
 10070 | Lair:1   | Killed Harold
 10478 | Lair:1   | Reached skill level 12 in Fire Magic
 10916 | Lair:2   | Reached skill level 1 in Fighting
 10927 | Lair:2   | Reached skill level 2 in Fighting
 11011 | Lair:2   | Reached skill level 3 in Fighting
 11044 | Lair:2   | Offered knowledge of Olgreb's Toxic Radiance by Vehumet.
 11136 | Lair:2   | Found a snail-covered altar of Cheibriados.
 11154 | Lair:2   | Reached skill level 4 in Fighting
 11208 | Lair:2   | Reached skill level 1 in Armour
 11208 | Lair:2   | Reached XP level 12. HP: 61/83 MP: 19/24
 11220 | Lair:2   | Reached skill level 2 in Armour
 11318 | Lair:2   | Reached skill level 3 in Armour
 11463 | Lair:2   | Noticed a six-headed hydra
 11477 | Lair:2   | Killed a six-headed hydra
 11477 | Lair:2   | Reached skill level 4 in Armour
 11674 | Lair:2   | Noticed Urug
 12415 | Lair:3   | Got a transparent lajatang
 12416 | Lair:3   | Identified the +2 lajatang "Maiviq" {slice, *Drain rElec rPois rN++} (You found it on level 3 of the Lair of Beasts)
 12516 | Lair:3   | Reached skill level 3 in Dodging
 12845 | Lair:3   | Reached skill level 4 in Dodging
 13089 | Lair:3   | Reached skill level 5 in Dodging
 13282 | Lair:3   | Reached skill level 6 in Dodging
 13298 | Lair:3   | Reached **** piety under Vehumet
 13745 | Lair:4   | Offered knowledge of Yara's Violent Unravelling by Vehumet.
 13883 | Lair:4   | Found a hazy altar of Hepliaklqana.
 13930 | Lair:4   | Reached skill level 9 in Spellcasting
 14733 | Lair:4   | Noticed a six-headed hydra
 14749 | Lair:4   | Reached skill level 10 in Spellcasting
 14760 | Lair:4   | Killed a six-headed hydra
 14760 | Lair:4   | Reached XP level 13. HP: 69/88 MP: 18/27
 14773 | Lair:4   | Found a staircase to the Swamp.
 15185 | Lair:5   | Reached skill level 11 in Conjurations
 15450 | Lair:5   | Noticed a four-headed hydra
 15456 | Lair:5   | Killed a four-headed hydra
 15704 | Lair:5   | Noticed an eight-headed hydra
 15715 | Lair:5   | Killed an eight-headed hydra
 15735 | Lair:5   | Reached skill level 12 in Conjurations
 16348 | Lair:4   | Learned a level 5 spell: Bolt of Draining
 16386 | Lair:5   | Found a runed gate.
 16387 | Lair:5   | Found a runed gate.
 16388 | Lair:5   | Found a runed gate.
 16397 | Lair:5   | Noticed Vajrapani's ghost (journeyman OpAs)
 17042 | Lair:2   | Found a hole to the Spider Nest.
 17155 | D:10     | Entered Level 10 of the Dungeon
 18041 | D:11     | Reached skill level 13 in Conjurations
 18047 | D:11     | Reached ***** piety under Vehumet
 18125 | D:11     | Offered knowledge of Freezing Cloud by Vehumet.
 18294 | D:11     | Found Qaseiwka's Assorted Antiques.
 18303 | D:11     | Bought a scroll of identify for 58 gold pieces
 18303 | D:11     | Bought a scroll of teleportation for 87 gold pieces
 18323 | D:11     | Identified a potion of resistance
 18596 | D:11     | Learned a level 6 spell: Freezing Cloud
 18829 | D:11     | Reached skill level 14 in Conjurations
 18964 | D:11     | Reached XP level 14. HP: 95/95 MP: 8/28
 20183 | D:12     | Reached skill level 13 in Fire Magic
 20405 | Orc:1    | Entered Level 1 of the Orcish Mines
 20432 | Orc:1    | Offered knowledge of Lightning Bolt by Vehumet.
 20539 | Orc:1    | Found a roughly hewn altar of Beogh.
 21054 | Orc:2    | Entered Level 2 of the Orcish Mines
 21054 | Orc:2    | Noticed Sonja
 21056 | Orc:2    | Killed Sonja
 21321 | Orc:2    | Found a staircase to the Elven Halls.
 21444 | Orc:2    | Found a roughly hewn altar of Beogh.
 21581 | Orc:2    | Reached skill level 14 in Fire Magic
 21584 | Orc:2    | Noticed Josephine
 22095 | Orc:2    | Killed Josephine
 22432 | Orc:2    | Reached skill level 15 in Fire Magic
 22584 | Orc:2    | Reached XP level 15. HP: 74/100 MP: 2/29
 22726 | Orc:2    | Found Cytoleir's Gadget Emporium.
 22729 | Orc:2    | Found Roirharuba's Armour Shoppe.
 22752 | Orc:2    | Found Migudgh's Gadget Shop.
 22757 | Orc:2    | Found Tarhelao's Book Emporium.
 22805 | Orc:2    | Bought a +0 cloak for 63 gold pieces
 22826 | Orc:2    | Bought a wand of digging (11) for 510 gold pieces
 23014 | Lair:2   | Learned a level 4 spell: Force Lance
 23228 | Lair:2   | Killed Urug
 23387 | Lair:6   | Entered Level 6 of the Lair of Beasts
 23391 | Lair:6   | Found a viscous altar of Jiyva.
 23393 | Lair:6   | Found a staircase to the Slime Pits.
 23409 | Lair:6   | Offered knowledge of Lee's Rapid Deconstruction by Vehumet.
 23416 | Lair:6   | Reached skill level 16 in Fire Magic
 23424 | Lair:6   | HP: 10/100 [water moccasin (3)]
 23436 | Lair:6   | Found a dark tunnel.
 23446 | Volcano  | Entered a volcano
 23473 | Volcano  | Learned a level 3 spell: Regeneration
 23980 | Volcano  | Found a bloodstained altar of Trog.
 24753 | Lair:5   | Reached skill level 11 in Spellcasting
 26150 | Lair:6   | Reached skill level 12 in Spellcasting
 26170 | Lair:6   | Identified a scroll of acquirement
 26613 | Lair:6   | Reached skill level 5 in Fighting
 27124 | D:13     | Reached skill level 6 in Fighting
 27308 | D:13     | Found Unydess's Antique Armour Emporium.
 27587 | D:13     | Reached skill level 7 in Fighting
 27663 | D:13     | Reached XP level 16. HP: 82/115 MP: 22/32
 27786 | D:13     | Offered knowledge of Venom Bolt by Vehumet.
 27947 | D:13     | Reached skill level 8 in Fighting
 27979 | D:13     | Reached skill level 5 in Armour
 28012 | D:13     | Found a gate to the Vaults.
 28296 | D:13     | Reached skill level 6 in Armour
 28325 | D:13     | Reached skill level 7 in Armour
 28531 | D:13     | Identified the cursed +0 leather armour of the True Pharaoh {rN+ Stlth+} (You took it off a meliai on level 13 of the Dungeon)
 28842 | D:14     | Reached skill level 8 in Armour
 29101 | D:14     | Reached skill level 7 in Dodging
 29280 | D:14     | Noticed Nessos
 29627 | D:14     | Reached skill level 8 in Dodging
 29682 | D:14     | Noticed Frances
 29826 | Spider:1 | Entered Level 1 of the Spider Nest
 30156 | Swamp:1  | Entered Level 1 of the Swamp
 30165 | Swamp:1  | Reached ****** piety under Vehumet
 30269 | Swamp:1  | Reached skill level 9 in Dodging
 30325 | Swamp:1  | Offered knowledge of Iron Shot by Vehumet.
 30504 | Swamp:1  | Found a runed door.
 30625 | Swamp:1  | Reached skill level 10 in Dodging
 30721 | Swamp:1  | Reached XP level 17. HP: 49/122 MP: 5/33
 31603 | Swamp:2  | Learned a level 6 spell: Iron Shot
 31624 | Swamp:2  | Reached skill level 11 in Dodging
 32658 | Swamp:3  | Noticed a thorn hunter
 32679 | Swamp:3  | Noticed a thorn hunter
 32684 | Swamp:2  | Reached skill level 12 in Dodging
 32869 | Swamp:3  | Killed a thorn hunter
 32884 | Swamp:3  | Killed a thorn hunter
 33318 | Swamp:3  | Offered knowledge of Ozocubu's Refrigeration by Vehumet.
 33571 | Swamp:3  | Noticed Louise
 33578 | Swamp:3  | Killed Louise
 33799 | Swamp:3  | Reached skill level 17 in Fire Magic
 33812 | Swamp:3  | Noticed Roxanne
 34338 | Swamp:4  | Entered Level 4 of the Swamp
 35307 | Swamp:4  | Reached XP level 18. HP: 123/129 MP: 18/34
 35904 | Swamp:3  | Reached skill level 18 in Fire Magic
 36250 | Swamp:4  | Reached skill level 1 in Evocations
 36257 | Swamp:4  | Reached skill level 2 in Evocations
 36417 | Swamp:4  | Reached skill level 3 in Evocations
 36541 | Swamp:4  | Reached skill level 4 in Evocations
 36730 | Swamp:4  | Reached skill level 5 in Evocations
 36888 | Swamp:4  | Got a decaying rune of Zot
 36991 | Swamp:4  | Offered knowledge of Bolt of Fire by Vehumet.
 37408 | Swamp:4  | Reached skill level 6 in Evocations
 38626 | Spider:1 | Got a shimmering flail
 38627 | Spider:1 | Identified the +7 flail of the Genius {crush, +Rage} (You found it on level 1 of the Spider Nest)
 38766 | Spider:1 | Learned a level 6 spell: Bolt of Fire
 39010 | Spider:1 | Reached skill level 13 in Spellcasting
 39480 | Spider:1 | Identified the Disquisition on Conjuration and Envenoming
 39525 | Spider:1 | Reached skill level 7 in Evocations
 39873 | Spider:2 | Offered knowledge of Fire Storm by Vehumet.
 39873 | Spider:2 | Offered knowledge of Tornado by Vehumet.
 39873 | Spider:2 | Offered knowledge of Ignition by Vehumet.
 39964 | Spider:2 | Got a bloodstained helmet
 39975 | Spider:2 | Identified the +0 helmet of the Game of Kings {rElec Str+5 Int+5} (You found it on level 2 of the Spider Nest)
 40089 | Spider:2 | Reached skill level 8 in Evocations
 40307 | Spider:2 | HP: 6/129 [spark wasp (19)]
 40307 | Spider:2 | HP: 2/129 [spark wasp (4)]
 40728 | Spider:2 | Slain by a ghost moth

Vanquished Creatures
  4 thorn hunters
  A ghost moth (Spider:1)
  Louise (Swamp:3)
  2 emperor scorpions
  3 entropy weavers (Spider:1)
  5 dire elephants (Lair:6)
  Josephine (Orc:2)
  Harold (Lair:1)
  2 ogre magi (Orc:2)
  A vault guard (D:13)
  32 hydras
  2 ghost crabs
  2 death knights
  A catoblepas (D:14)
  13 two-headed ogres
  An anaconda (Lair:6)
  18 alligators
  6 centaur warriors
  Urug (Lair:2)
  An orc high priest (Orc:1)
  A spriggan berserker (Swamp:4)
  Sonja (Orc:2)
  2 skeletal warriors
  A hell knight (Volcano)
  A salamander mystic (Volcano)
  An unseen horror (D:12)
  2 deep trolls
  10 swamp dragons
  2 spriggan druids (Swamp:3)
  3 wizards (D:13)
  2 necromancers
  8 orb spiders
  12 wolf spiders
  An orc sorcerer (Orc:1)
  An oklob plant (Lair:3)
  4 salamanders (Volcano)
  13 ugly things
  3 cyclopes
  10 elephants
  3 black mambas
  A manticore (D:12)
  A moth of wrath (Spider:1)
  2 gargoyles
  4 torpor snails
  28 spiny frogs
  2 rime drakes (Lair:4)
  6 demonic crawlers
  4 freezing wraiths
  7 komodo dragons
  2 polar bears
  6 meliai (D:13)
  9 tyrant leeches
  6 jumping spiders
  10 trolls
  8 hornets
  12 dream sheep
  15 blink frogs
  A hornet (shapeshifter) (D:13)
  27 slime creatures
  7 bog bodies
  22 redbacks
  5 spriggans
  11 hippogriffs
  A shadow (D:13)
  7 tarantellas
  5 fire bats
  6 wraiths
  2 wyverns
  20 humans (D:13)
  A basilisk (D:9)
  38 yaks
  16 vampire mosquitoes
  9 insubstantial wisps
  19 swamp worms
  A soldier ant (D:12)
  8 water moccasins
  7 porcupines
  18 swamp drakes
  3 sky beasts
  3 ice beasts
  2 elephant zombies (Lair:3)
  14 orc warriors
  24 ogres
  9 wolves
  13 centaurs
  12 crocodiles
  2 big kobolds
  21 bullfrogs
  A gnoll sergeant (D:7)
  A wyvern zombie (D:7)
  A wyvern skeleton (D:11)
  A water moccasin skeleton (D:11)
  7 scorpions
  59 killer bees
  6 howler monkeys
  3 electric eels (Lair:3)
  A bullfrog zombie (D:8)
  7 crimson imps
  2 centaur zombies
  6 hounds
  7 lava snakes (Volcano)
  A quasit (D:12)
  3 basilisk zombies (Lair:3)
  A bullfrog skeleton (D:8)
  2 jellies
  3 iguanas
  7 orc priests
  4 centaur skeletons
  A hell rat (D:13)
  12 orc wizards
  Natasha (thrice) (D:3)
  7 worker ants
  A hound zombie (D:5)
  3 worker ant zombies
  4 adders
  4 gnolls (D:7)
  A shadow imp (D:7)
  5 adder skeletons
  A worm (D:3)
  7 leopard geckos
  96 orcs
  A giant cockroach (D:3)
  5 hobgoblins
  13 jackals
  5 quokkas
  3 bats
  6 frilled lizards
  A giant cockroach zombie (D:5)
  4 goblins
  A jackal skeleton (D:5)
  9 kobolds
  5 rats
  4 bushes (Lair:3)
  2 fungi (Lair:6)
  4 plants
967 creatures vanquished.

Vanquished Creatures (others)
  A fire vortex (Lair:5)
  16 fungi
  6 plants
23 creatures vanquished.

Grand Total: 990 creatures vanquished
